 Dungeon Crawl Stone Soup version 0.20-a0-201-g851c6fa (webtiles) character file.

104 KristoblXynda the Ducker (level 4, 0/23 HPs)
             Began as a Spriggan Chaos Knight on Nov 24, 2016.
             Slain by an adder (4 damage)
             ... on level 3 of the Dungeon.
             The game lasted 00:03:08 (1563 turns).

KristoblXynda the Ducker (Spriggan Chaos Knight)    Turns: 1563, Time: 00:03:09

Health: 0/23       AC:  4    Str:  8    XL:     4   Next: 52%
Magic:  5/5        EV: 20    Int: 14    God:    Xom [*.....]
Gold:   16         SH:  0    Dex: 15    Spells: 3/3 levels left

rFire  . . .     SeeInvis +     a - +0 short sword (chaos)
rCold  . . .     Gourm    .     b - +2 robe
rNeg   . . .     Faith    .     (shield restricted)
rPois  .         Spirit   .     (helmet restricted)
rElec  .         Reflect  .     (no cloak)
rCorr  .         Harm     .     (gloves unavailable)
MR     .....                    (boots unavailable)
Stlth  ++........               (no amulet)
                                (no ring)
                                (no ring)

@: very quick
A: unfitting armour, claws 1, horns 1, see invisible, deterioration 1, herbivore
3, speed 3, screaming 1, slow metabolism 2
a: Renounce Religion


You were on level 3 of the Dungeon.
You worshipped Xom.
You were a special plaything of Xom.
You were not hungry.

You visited 1 branch of the dungeon, and saw 3 of its levels.

You collected 16 gold pieces.

Inventory:

Hand Weapons
 a - a +0 short sword of chaos (weapon)
Armour
 b - a +2 robe (worn)
Jewellery
 g - a cursed -3 ring of evasion {unknown}
Scrolls
 f - 2 scrolls of remove curse {unknown}
 h - 2 scrolls of noise {unknown}
 j - 3 scrolls of identify {unknown}
 k - a scroll of enchant weapon {unknown}
Potions
 d - a potion of might {unknown}
 e - a potion of mutation {unknown}
 i - a potion of brilliance {unknown}
 l - a potion of cure mutation {unknown}
Comestibles
 c - 5 bread rations
 m - a slice of pizza


   Skills:
 - Level 2.4 Fighting
 + Level 4.3 Short Blades
 + Level 5.1 Dodging
 + Level 3.4 Stealth


You had 3 spell levels left.
You didn't know any spells.

Dungeon Overview and Level Annotations

Branches:
Dungeon (3/15)

Altars:
Cheibriados
Xom


Innate Abilities, Weirdness & Mutations

You are very small and have problems with some larger weapons.
You are too small for most types of armour.
You have supernaturally acute eyesight. (SInv)
You are a herbivore.
You cover ground extremely quickly.
You need consume almost no food.
You have sharp fingernails.
You have a pair of small horns on your head.
Your body sometimes deteriorates upon taking damage.
You occasionally shout uncontrollably at your foes.


Message History

The rat bites you but does no damage.
You hit the rat but do no damage. The adder completely misses you.
The rat misses you. The adder bites you.
* * * LOW HITPOINT WARNING * * *
You hit the rat.
The rat glows pulsating copper for a moment.
The rat is severely wounded.
The adder closely misses you. The rat barely misses you.
You closely miss the adder. The adder closely misses you.
You barely miss the adder. Your headbutt misses the adder.
The adder bites you but does no damage.
You miss the adder. Your headbutt misses the adder.
The adder completely misses you.
You closely miss the adder. The adder completely misses you.
You barely miss the adder. The adder misses you.
You hit the adder.
The adder is poisoned.
You headbutt the adder.
The adder is almost dead.
The adder bites you.
You die... "I guess I need a new plaything now."

#.#.#..# #.....# ####.#
#.#.#..# ####### #....#
##......# #.#### #.......#
#.# #.##.##.# #.#
##.##....# #.#
####...#.##.# #.#
.......#.##.#############.#
#........rS@.........<.#
##..#################### l
#.. #.. ... .### #. #w


You could see an adder and a rat.

Vanquished Creatures
  An orc priest (D:3)
  2 oozes (D:1)
  2 dart slugs
  4 leopard geckos
  4 orcs (D:3)
  2 giant cockroaches
  6 goblins
  6 hobgoblins
  3 jackals (D:2)
  A quokka (D:2)
  A ball python (D:1)
  8 bats
  6 frilled lizards
  5 kobolds
  3 rats
54 creatures vanquished.

Notes
Turn   | Place    | Note
-------+----------+-------------------------------------------
     0 | D:1      | KristoblXynda the Spriggan Chaos Knight began the quest for the Orb.
     0 | D:1      | Reached XP level 1. HP: 11/11 MP: 2/2
     9 | D:1      | XOM: harmless Tloc miscast
    24 | D:1      | XOM: 1-stop teleportation journey
    25 | D:1      | XOM: mild Fire miscast
    35 | D:1      | Reached skill level 1 in Stealth
    71 | D:1      | Reached XP level 2. HP: 13/16 MP: 3/3
   134 | D:1      | Reached skill level 4 in Dodging
   424 | D:1      | XOM: divination: detect creatures
   499 | D:1      | Reached XP level 3. HP: 18/19 MP: 4/4
   759 | D:1      | XOM is BORED!
   759 | D:1      | XOM: give mutations
   759 | D:1      | Gained mutation: You are dopey. (Int -2) [Xom's mischief]
   759 | D:1      | Lost mutation: You are dopey. (Int -2) [Xom's mischief]
   759 | D:1      | Gained mutation: You occasionally shout uncontrollably at your foes. [Xom's mischief]
   759 | D:1      | Gained mutation: Your body sometimes deteriorates upon taking damage. [Xom's mischief]
   785 | D:1      | XOM: cloud trail
   956 | D:2      | XOM: scenery: 1 doors open
  1004 | D:2      | XOM: give mutations
  1004 | D:2      | Gained mutation: You have sharp fingernails. [Xom's grace]
  1004 | D:2      | Gained mutation: You have a pair of small horns on your head. [Xom's grace]
  1031 | D:2      | Found a snail-covered altar of Cheibriados.
  1460 | D:3      | XOM: scenery: create altars
  1486 | D:3      | Reached XP level 4. HP: 23/23 MP: 5/5
  1493 | D:3      | XOM: divination: detect creatures
  1501 | D:3      | Reached skill level 5 in Dodging
  1563 | D:3      | Slain by an adder

Vault maps used:
D:1:      dpeg_arrival_boxorama, serial_forest, infiniplex_forest_end_2,
          infiniplex_forest_lined_4_way, infiniplex_forest_corner_2,
          infiniplex_forest_clump_medium, infiniplex_forest_lined_3_way,
          infiniplex_forest_clump_long, infiniplex_forest_end_2,
          infiniplex_forest_straight_4
D:2:      cheibriados_altar_1, first_bread

Skill      XL: |  1  2  3  4 |
---------------+-------------+-----
Stealth        | 1 2 3 |  3.4
Dodging        | 4 5 |  5.1
Short Blades   | 4 |  4.3
Fighting       | |  2.4

Action                   |  1- 3 |  4- 6 || total
-------------------------+-------+-------++-------
Melee: Short sword       |   124 |    29 ||   153
       Headbutt          |     3 |     3 ||     6
 Stab: Sleeping          |     8 |       ||     8
       Distracted        |     1 |       ||     1
       Confused          |     1 |       ||     1
       Paralysed         |     1 |       ||     1
Armor: Robe              |    11 |     2 ||    13
Dodge: Dodged            |    85 |    19 ||   104
